Map: Orbital Shipyard

Players

Chubz

  • Race: Protoss Protoss
  • League: Master

MythiC - Winner!

  • Race: Terran Terran
  • League: Grandmaster

VOD

Have the link to the VOD?

Description

Time

  • Played on: Jan. 10, 2016, 9:31 p.m.
  • Length: 17:39
Show
View Real Time Build Order
Export as new Build Order

Chubz Protoss 

Build Orders: 1 Gate Expand 

Get SALT Encoding   

  12  0:01  Probe (Chrono Boost)  
  13  0:11  Probe (Chrono Boost)  
  14  0:18  Pylon  
  14  0:22  Probe (Chrono Boost)  
  15  0:36  Probe (Chrono Boost)  
  15  0:37  Gateway  
  16  0:42  Assimilator  
  16  0:47  Probe (Chrono Boost)  
  17  0:57  Probe (Chrono Boost)  
  18  1:08  Probe (Chrono Boost)  
  19  1:20  Nexus  
  19  1:23  Probe (Chrono Boost)  
  20  1:37  Cybernetics Core, Probe (Chrono Boost)  
  21  1:45  Assimilator  
  21  1:48  Probe (Chrono Boost)  
  21  1:52  Pylon  
  22  1:58  Probe (Chrono Boost)  
  23  2:10  Probe (Chrono Boost)  
  24  2:18  Warp Gate, Adept (Chrono Boost)  
  24  2:22  Probe  
  26  2:29  Robotics Facility  
  26  2:31  Probe (Chrono Boost)  
  26  2:34  Probe (Chrono Boost)  
  28  2:41  Adept (Chrono Boost)  
  28  2:43  Probe (Chrono Boost)  
  31  2:46  Probe (Chrono Boost)  
  32  2:55  Probe (Chrono Boost)  
  34  2:59  Mothership Core (Chrono Boost)  
  34  3:05  Probe (Chrono Boost)  
  36  3:08  Adept  
  38  3:14  Probe (Chrono Boost)  
  38  3:16  Warp Prism (Chrono Boost)  
  38  3:17  Probe  
  42  3:24  Probe  
  43  3:29  Probe  
  44  3:35  Pylon, Probe  
  45  3:41  Probe  
  45  3:45  Forge, Twilight Council  
  46  3:49  Assimilator  
  46  3:51  Probe  
  46  3:53  Probe  
  46  3:54  Observer (Chrono Boost)  
  49  3:56  Assimilator  
  49  4:02  Probe  
  49  4:05  Probe  
  49  4:08  Blink  
  51  4:11  Pylon x2  
  51  4:12  Probe  
  51  4:15  Observer (Chrono Boost)  
  53  4:18  Probe  
  53  4:22  Protoss Ground Weapons Level 1 (Chrono Boost)  
  54  4:29  Probe  
  54  4:30  Probe  
  56  4:41  Probe  
  56  4:42  Probe  
  56  4:43  Observer  
  59  4:45  Nexus  
  59  4:48  Pylon  
  59  4:53  Probe  
  59  4:54  Probe  
  61  5:03  Stalker  
  63  5:07  Gateway  
  63  5:09  Gateway  
  63  5:10  Robotics Bay  
  63  5:11  Probe x2  
  65  5:15  Immortal  
  69  5:23  Probe  
  69  5:24  Probe  
  71  5:37  Probe  
  71  5:40  Stalker  
  71  5:41  Probe  
  69  5:57  Probe x2  
  69  5:58  Disruptor (Chrono Boost)  
  69  6:01  Probe  
  73  6:05  Pylon  
  73  6:07  Pylon  
  73  6:08  Gateway  
  73  6:09  Probe x2  
  73  6:10  Pylon, Gateway, Stalker x2  
  73  6:11  Stalker  
  81  6:15  Probe  
  82  6:18  Protoss Ground Weapons Level 2 (Chrono Boost)  
  82  6:22  Probe x2  
  82  6:24  Assimilator  
  82  6:25  Assimilator  
  84  6:29  Probe  
  85  6:33  Disruptor  
  85  6:34  Probe, Stalker x3  
  95  6:42  Probe  
  95  6:43  Probe  
  95  6:46  Probe  
  98  6:52  Probe  
  97  6:55  Probe  
  97  7:01  Stalker x3  
  104  7:04  Disruptor  
  104  7:06  Pylon, Stalker x2  
  104  7:07  Pylon  
  111  7:20  Stargate  
  111  7:23  Pylon  
  111  7:27  Robotics Facility  
  111  7:36  Nexus  
  111  7:38  Pylon  
  111  7:40  Disruptor, Stalker x5  
  111  7:42  Pylon  
  124  8:08  Fleet Beacon  
  124  8:09  Stargate  
  124  8:14  Immortal  
  124  8:15  Probe  
  124  8:16  Probe  
  124  8:17  Immortal  
  124  8:19  Probe  
  130  8:21  Protoss Ground Weapons Level 3 (Chrono Boost)  
  130  8:26  Assimilator  
  135  8:31  Probe x2  
  135  8:32  Assimilator  
  137  8:52  Tempest (Chrono Boost)  
  137  8:53  Tempest (Chrono Boost)  
  145  8:58  Immortal  
  145  9:00  Pylon  
  145  9:01  Immortal  
  153  9:08  Photon Cannon  
  153  9:11  Photon Cannon  
  153  9:16  Pylon  
  153  9:17  Pylon  
  153  9:30  Tempest (Chrono Boost)  
  153  9:31  Tempest (Chrono Boost)  
  157  9:32  Stalker x4  
  157  9:34  Stalker  
  157  9:36  Pylon  
  167  9:40  Immortal  
  151  10:03  Stalker x5  
  151  10:04  Disruptor  
  151  10:16  Tempest (Chrono Boost)  
  146  10:27  Stalker x5  
  146  10:41  Probe  
  146  10:43  Probe x2  
  142  10:51  Stalker x5  
  142  10:55  Tempest (Chrono Boost)  
  142  10:56  Immortal  
  111  11:14  Stalker  
  111  11:15  Stalker x4  
  111  11:18  Immortal  
  117  11:45  Stalker x5  
  121  11:57  Protoss Ground Armor Level 1  
  121  11:59  Immortal, Gateway  
  125  12:02  Gateway  
  125  12:04  Gateway  
  125  12:06  Nexus  
  119  12:10  Stalker x3  
  119  12:11  Stalker  
  119  12:12  Stalker  
  119  12:14  Assimilator  
  129  12:20  Mothership Core  
  101  12:35  Stalker x4  
  101  12:36  Stalker  
  111  12:38  Immortal  
  111  12:40  Immortal  
  119  12:51  Pylon  
  119  13:02  Stalker x3  
  119  13:03  Stalker x2  
  119  13:15  Stalker  
  109  13:20  Disruptor x2  
  115  13:31  Assimilator  
  115  13:33  Assimilator  
  115  13:37  Mothership Core  
  117  13:44  Stalker x5  
  112  13:53  Stalker x2  
  99  14:03  Disruptor  
  99  14:08  Assimilator  
  102  14:12  Stalker x3  
  102  14:13  Zealot  
  106  14:22  Probe  
  106  14:23  Probe, Stalker  
  102  14:29  Probe  
  103  14:35  Probe x2  
  105  14:42  Stalker x2  
  100  15:00  Nexus  
  100  15:03  Disruptor  
  103  15:12  Probe x2  
  94  15:41  Stalker x6  
  95  15:48  Disruptor  
  98  15:53  Stalker  
  100  15:58  Stalker  
  102  16:15  Mothership Core  
  95  16:24  Disruptor  
  64  16:39  Stalker x4  
  72  16:45  Stalker  
  74  17:00  Stalker  
Show
View Real Time Build Order
Export as new Build Order

MythiC Terran - Winner!

Build Orders: Reaper Expand, MMM Bio 

Get SALT Encoding   

  12  0:00  SCV  
  13  0:13  SCV  
  14  0:22  Supply Depot  
  14  0:25  SCV  
  15  0:44  SCV  
  15  0:45  Barracks  
  16  0:50  Refinery  
  16  0:56  SCV  
  17  1:08  SCV  
  18  1:20  SCV  
  19  1:32  Orbital Command  
  19  1:34  Reaper  
  20  1:42  Command Center  
  20  1:49  Supply Depot  
  20  1:59  SCV  
  21  2:11  SCV  
  21  2:14  Barracks Reactor  
  22  2:23  SCV  
  22  2:27  Refinery  
  23  2:36  Bunker  
  23  2:38  SCV  
  23  2:40  Factory  
  24  2:51  SCV  
  25  2:53  Marine x2  
  26  3:03  SCV  
  27  3:10  Orbital Command  
  27  3:11  Marine x2  
  29  3:18  SCV  
  30  3:24  Widow Mine  
  30  3:26  Starport  
  32  3:29  Marine x2  
  32  3:30  SCV  
  35  3:35  Supply Depot  
  35  3:37  SCV  
  36  3:42  SCV  
  36  3:47  Marine x2  
  36  3:48  Supply Depot  
  39  3:49  SCV  
  39  3:53  Widow Mine  
  39  3:54  SCV  
  43  4:01  SCV  
  44  4:02  Medivac  
  44  4:06  SCV  
  47  4:13  SCV  
  48  4:18  Refinery, SCV, Marine x2, Command Center  
  48  4:22  Factory Tech Lab  
  51  4:26  SCV  
  51  4:30  SCV  
  53  4:32  Liberator  
  53  4:38  SCV  
  50  4:42  SCV  
  50  4:47  Cyclone  
  50  4:49  Marine  
  50  4:50  SCV, Marine  
  59  4:54  SCV  
  59  5:02  SCV  
  59  5:06  SCV  
  61  5:10  Barracks  
  61  5:11  Engineering Bay, Barracks  
  61  5:14  Marine  
  62  5:22  Liberator  
  62  5:23  Supply Depot  
  62  5:24  Refinery  
  62  5:26  Supply Depot  
  62  5:28  SCV  
  62  5:30  SCV, Marine  
  62  5:33  Siege Tank  
  62  5:39  Marine  
  62  5:40  SCV x2  
  62  5:42  SCV  
  65  5:52  SCV  
  65  5:54  SCV  
  61  5:57  Orbital Command  
  61  6:01  Terran Infantry Weapons Level 1  
  61  6:03  Marine  
  61  6:04  SCV, Barracks Tech Lab x2  
  61  6:05  Siege Tank, Marine  
  61  6:07  SCV  
  67  6:15  Orbital Command  
  67  6:16  SCV  
  67  6:18  Barracks  
  68  6:19  Barracks  
  68  6:20  SCV  
  68  6:21  Marine  
  68  6:23  Marine  
  68  6:25  Marauder x2  
  75  6:26  Stimpack, Starport Reactor  
  75  6:28  SCV  
  76  6:32  SCV  
  77  6:40  SCV x2  
  77  6:45  SCV, Marine x2  
  77  6:46  Siege Tank  
  85  6:47  Marauder x2  
  85  6:52  Bunker, SCV  
  85  6:53  SCV  
  88  6:57  SCV  
  89  7:04  SCV  
  89  7:05  SCV  
  91  7:09  SCV, Barracks Reactor x2  
  91  7:10  Marine  
  91  7:11  Supply Depot  
  91  7:12  Supply Depot  
  91  7:13  Supply Depot  
  91  7:14  Supply Depot  
  93  7:16  Supply Depot, Barracks Tech Lab  
  93  7:20  Refinery  
  93  7:25  Barracks  
  93  7:30  Factory Reactor, Barracks  
  93  7:32  Medivac x2  
  93  7:33  Marauder, SCV x2, Marine  
  93  7:34  Marauder, SCV  
  93  7:35  Supply Depot  
  105  7:37  Supply Depot  
  105  7:38  Supply Depot  
  105  7:44  Supply Depot  
  105  7:45  Combat Shields, Marauder, SCV  
  105  7:47  Marine x3  
  105  7:51  SCV x2, Marine  
  113  7:56  Marauder  
  113  7:57  Marauder  
  118  8:00  SCV  
  118  8:02  Medivac x2  
  118  8:03  SCV  
  124  8:12  Missile Turret  
  124  8:17  Missile Turret  
  124  8:18  Liberator x2, Missile Turret  
  124  8:19  Marauder x2  
  128  8:20  Marauder, Marine x4  
  128  8:21  Missile Turret, Widow Mine x2  
  128  8:25  Marauder, Barracks Tech Lab  
  140  8:27  Barracks Reactor  
  140  8:32  Supply Depot, Terran Infantry Armor Level 1  
  140  8:33  Supply Depot  
  140  8:41  Marauder  
  148  8:42  Marauder x2, Marine x2  
  148  8:47  Marauder, Concussive Shells  
  156  8:51  Armory  
  156  8:53  Engineering Bay  
  156  9:01  Liberator  
  156  9:02  Marauder, Marine x2  
  160  9:05  Marauder, Marine x4  
  160  9:06  Widow Mine x2  
  170  9:16  Command Center  
  170  9:17  Missile Turret  
  170  9:18  Marauder  
  170  9:21  Marine  
  170  9:22  Marauder  
  178  9:27  Marauder, Marine  
  181  9:47  Marine  
  181  9:49  Marine x2  
  181  9:53  Marine x2  
  181  9:54  Marine  
  181  9:55  Marauder  
  181  9:58  Marauder, Marine  
  181  9:59  Marauder  
  178  10:03  Widow Mine x2  
  178  10:04  Marine  
  178  10:05  Medivac x2  
  178  10:06  Marine x2  
  171  10:11  Marauder, Marine  
  171  10:12  Marine  
  167  10:16  Marine  
  167  10:17  Marauder  
  167  10:21  Marine x2  
  171  10:22  Marine  
  171  10:24  Marine x2  
  171  10:26  Terran Infantry Weapons Level 2  
  173  10:33  Marauder, Marine x2  
  173  10:34  Medivac  
  173  10:35  Widow Mine x2, Marine, Viking  
  175  10:37  Marine  
  175  10:39  Marine  
  177  10:47  Marauder  
  177  10:48  Marine x3  
  171  10:51  Marine x2  
  171  10:52  Marine  
  171  10:55  Marauder  
  174  10:57  Marauder, Marine  
  162  11:04  Viking  
  162  11:05  Marine  
  162  11:06  Marine x2  
  162  11:09  Marauder, Marine  
  162  11:10  Widow Mine x2, Marine x2  
  168  11:15  Marauder  
  168  11:16  Marine  
  168  11:18  Marine  
  168  11:23  Marine  
  168  11:25  Marine x2  
  169  11:26  Medivac, Marine  
  169  11:29  Marine  
  169  11:30  Marine  
  172  11:34  Medivac  
  172  11:39  Widow Mine  
  174  11:41  Marine x2  
  174  11:42  Marauder  
  174  11:45  Marine x4  
  174  11:46  Marauder  
  174  11:47  Marine x2  
  176  12:00  Marauder  
  178  12:01  Marine  
  178  12:03  Marauder, Marine x2  
  169  12:11  Marine x5  
  169  12:12  Widow Mine x2  
  172  12:19  Marine  
  172  12:21  Marauder, Marine x2  
  165  12:25  Marauder  
  165  12:29  Marauder, Marine x3  
  159  12:31  Medivac x2  
  159  12:41  Terran Infantry Armor Level 2  
  159  12:43  Terran Infantry Weapons Level 3  
  156  12:48  Planetary Fortress  
  154  12:53  Marine x2  
  154  12:54  Marauder  
  154  12:57  Marine x3  
  160  13:04  Marine x2  
  160  13:05  Marauder  
  160  13:09  Marauder  
  160  13:11  Marine  
  158  13:18  Marine x4  
  158  13:19  Marine  
  150  13:23  Marine  
  150  13:24  Marauder  
  150  13:26  Marine  
  153  13:29  Marine  
  153  13:31  Marauder  
  156  13:36  Marine x2  
  158  13:46  Marine x2  
  158  13:47  Marauder  
  144  13:55  Orbital Command  
  144  13:59  Marauder, Marine x4  
  144  14:00  Widow Mine x2  
  150  14:04  Marauder, Marine x2  
  150  14:21  Marine x2  
  150  14:22  Marauder  
  150  14:26  Marauder, Marine x5  
  153  14:33  Marauder, Widow Mine x2  
  153  14:34  Medivac x2  
  158  14:39  Marine x2  
  158  14:43  Marauder, Marine  
  158  14:44  Marauder, Marine x3  
  143  14:47  Marauder  
  123  14:55  Marauder  
  123  14:57  Marine x2  
  127  15:00  Terran Infantry Armor Level 3  
  127  15:01  Marine x2  
  127  15:02  Marine x2  
  127  15:04  Marauder, Barracks, Medivac x2  
  127  15:05  Marine  
  127  15:06  Barracks  
  138  15:08  Refinery  
  138  15:09  Marauder  
  140  15:14  Starport  
  140  15:15  Marine x2, Starport  
  140  15:16  Marauder  
  140  15:19  Marine x3  
  140  15:20  Marine  
  147  15:32  Marauder x2, Widow Mine, Marine x2  
  147  15:33  Widow Mine, Marine  
  147  15:34  Medivac  
  132  15:37  Marauder, Marine x3  
  132  15:42  Marine  
  131  15:50  Marauder, Marine x2  
  131  15:53  Marine  
  131  15:54  Marauder  
  131  15:55  Marine  
  139  15:59  Marauder  
  139  16:01  Widow Mine  
  143  16:04  Marine x3  
  143  16:06  Marine x2  
  143  16:08  Marine  
  145  16:12  Marauder x2, Marine x2  
  145  16:13  Orbital Command  
  145  16:14  Viking x2  
  145  16:15  Marauder  
  155  16:22  Marine  
  141  16:33  Marauder  
  141  16:36  Marauder, Missile Turret, Marine  
  141  16:37  Missile Turret  
  144  16:41  Marauder, Marine  
  142  16:47  Viking  
  147  16:55  Marine  
  147  16:56  Marauder, Marine x5  
  143  17:14  Marine x2  
  143  17:15  Marauder, Marine x3  
  147  17:16  Barracks Tech Lab x2  
Tags
 
Add a new tag
Caveats
  • Supply blocks, unpowered buildings, or Contaminate may cause inaccurate times.
  • Supply counts are checked every 10 seconds.